 Dungeon Crawl Stone Soup version 0.16-a0-1132-gad589c6 (webtiles) character file.

609 RobertPalmer the Cudgeler (level 7, 0/46 HPs)
             Began as an Octopode Fighter on Oct 7, 2014.
             Was a Believer of Qazlal.
             Slain by an ogre
             ... wielding a +0 giant club
              (27 damage)
             ... on level 6 of the Dungeon.
             The game lasted 00:09:45 (5931 turns).

RobertPalmer the Cudgeler (Octopode Fighter)        Turns: 5931, Time: 00:09:45

Health: 0/46       AC:  3    Str: 16    XL:     7   Next: 43%
Magic:  7/7        EV: 12    Int: 12    God:    Qazlal [**....]
Gold:   143        SH:  9    Dex: 11    Spells: 0 memorised, 6 levels left

rFire  . . .     SeeInvis .     f - +7 cutlass "Bloeg" {elec, rElec}
rCold  . . .     Clarity  +     k - +2 buckler
rNeg   . . .     SustAb   .     p - +2 hat
rPois  +         Gourm    .     z - amulet of clarity
rElec  +         Spirit   .     j - ring of stealth
rCorr  .         Warding  .     A - ring of poison resistance
rMut   .         Stasis   .     (no ring)
MR     .....                    (no ring)
Stlth  +++.......               (no ring)
                                (no ring)
                                (no ring)
                                (no ring)

@: about to teleport, not resistant to hostile enchantments, fairly stealthy
A: almost no armour, amphibious, 8 rings, constrict 8, camouflage 1, gelatinous
body 1
a: Upheaval, Renounce Religion


You were on level 6 of the Dungeon.
You worshipped Qazlal.
Qazlal was pleased with you.
You were not hungry.

You visited 1 branch of the dungeon, and saw 6 of its levels.

You collected 143 gold pieces.


Innate Abilities, Weirdness & Mutations

You cannot wear most types of armour.
You are amphibious.
You can wear up to eight rings at the same time.
You can use your tentacles to constrict many enemies at once.
Your skin changes colour to match your surroundings (Stealth).
Your rubbery body absorbs attacks (AC +1).


   Skills:
 - Level 3.0 Fighting
 + Level 3.6 Short Blades
 - Level 7.0 Maces & Flails
 - Level 3.0 Dodging
 - Level 3.0 Shields


You had 6 spell levels left.
You didn't know any spells.

Inventory:

Hand weapons
 a - a +0 morningstar
 b - a +0 blowgun
 f - the cursed +7 cutlass "Bloeg" (weapon) {elec, rElec}
   (You found it on level 5 of the Dungeon)

   Occasionally, upon striking a foe, it will discharge some electrical energy
   and cause terrible harm.
   It insulates you from electricity.
   It has a curse placed upon it.
Missiles
 r - 2 javelins of penetration (quivered)
 x - 29 poisoned needles
Armour
 k - a +2 buckler (worn)
 p - a +2 hat (worn)
Comestibles
 d - 6 bread rations
 g - a meat ration
 s - 3 fruits
Scrolls
 q - 3 scrolls of remove curse
 y - a scroll of magic mapping
Jewellery
 j - a ring of stealth (left tentacle)
 z - an amulet of clarity (around mantle)
 A - a ring of poison resistance (right tentacle)
Potions
 e - a potion of might
 i - a potion of confusion {unknown}
 l - a potion of porridge
 m - a potion of invisibility {unknown}
 n - a potion of heal wounds {unknown}
 o - 2 potions of brilliance {unknown}
 u - 2 potions of agility {unknown}
 w - a potion of mutation {unknown}
Books
 v - a book of Power

Dungeon Overview and Level Annotations

Branches:
Dungeon (6/15)
 Temple: D:4-7

Altars:
Dithmenos
Fedhas
Gozag
Okawaru
Qazlal
Vehumet
Yredelemnul
Zin
The Shining One

Annotations:
D:5 Sigmund

.............##
.................
#..#..#
#...#.........+
#...'.........#
##+##.........##
####'O#....#
+....#@....#
.....#...#...#
...#...#.. #....
.#...#...#. #..
..#...#...# #
..#...# . #...#..
#. ...# . #..


You could see an ogre and a hound (wandering).


Message History

You start resting.
You hear a shout! x2
You hear a croak.
You hear a bark!
You hear a shout!
A hobgoblin comes into view. It is wielding a club.
Unknown command.
You hear the slow rusting of a drain, a long way away.
A shadow comes into view.
A worker ant comes into view.
You open the door.
You hear a distant slurping noise.
A giant frog and an ogre come into view.
The giant frog moves out of view.
The hobgoblin hits you with a club.
There is an open door here.
You hear a distant slurping noise.
The giant frog misses you.
The shadow slips into darkness!
The giant frog closely misses you.
A worker ant comes into view.
The worker ant moves out of view.
You hear a distant slurping noise.
You barely miss the giant frog. You grab the giant frog.
You constrict the giant frog. The giant frog hits you!
You block the giant frog's attack.
Something unseen opens the door.
You slash the giant frog!
There is a sudden explosion of sparks!
You kill the giant frog!
Qazlal accepts your kill.
Read which item? (? for menu, Esc to quit)
As you read the scroll of teleportation, it crumbles to dust.
You feel strangely unstable. The ogre hits you with a giant club!!
Ouch! That really hurt!
You die...

Action                   |  1- 3 |  4- 6 |  7- 9 || total
-------------------------+-------+-------+-------++-------
Melee: Flail             |    36 |       |       ||    36
       Morningstar       |    23 |   148 |       ||   171
       Cutlass           |       |     2 |    25 ||    27
 Fire: Blowgun           |       |     9 |       ||     9
Throw: Javelin           |       |     2 |     4 ||     6
  Use: Scroll            |     2 |    12 |     3 ||    17
       Potion            |       |     1 |       ||     1
 Stab: Sleeping          |     4 |     8 |       ||    12
  Eat: Chunk             |     2 |    10 |     2 ||    14
       Pizza             |       |     1 |       ||     1

Vault maps used:
D:1:      ncdulo_halloftheorcs
D:2:      zin_angel, nicolae_gozag_seed_capital, minmay_vboxes
D:3:      overflow_temple_1_default, nicolae_overflow_hidden_temple,
          lemuel_doored_altar, gammafunk_temple_overflow_forgotten,
          uniq_crazy_yiuf_cottage
D:4:      tso_altar
D:5:      first_bread, basic_altar, uniq_sigmund
D:6:      hangedman_cross_stitches, kennysheep_mini_moat,
          minmay_temple_entry_glass, lightli_sewer_entry_pipes, hex_large,
          hangedman_decor_lopped, uniq_menkaure, uniq_pikel

Notes
Turn   | Place    | Note
--------------------------------------------------------------
     0 | D:1      | RobertPalmer, the Octopode Fighter, began the quest for the Orb.
     0 | D:1      | Reached XP level 1. HP: 16/16 MP: 1/1
   292 | D:1      | Reached XP level 2. HP: 17/21 MP: 2/2
   514 | D:1      | Reached skill level 3 in Maces & Flails
   918 | D:2      | Reached XP level 3. HP: 21/26 MP: 3/3
  1300 | D:2      | Reached skill level 4 in Maces & Flails
  1422 | D:2      | Reached XP level 4. HP: 31/31 MP: 4/4
  1438 | D:2      | Found an opulent altar of Gozag.
  1816 | D:2      | Noticed an angel
  1817 | D:2      | Found a glowing silver altar of Zin.
  2140 | D:3      | Found a blossoming altar of Fedhas.
  2140 | D:3      | Found a stormy altar of Qazlal.
  2140 | D:3      | Found a shadowy altar of Dithmenos.
  2146 | D:3      | Became a worshipper of Qazlal Stormbringer
  2216 | D:3      | Found an iron altar of Okawaru.
  2519 | D:3      | Found a basalt altar of Yredelemnul.
  2587 | D:3      | Reached skill level 5 in Maces & Flails
  2596 | D:3      | Reached XP level 5. HP: 36/36 MP: 5/5
  2750 | D:3      | Noticed Crazy Yiuf
  2756 | D:3      | Killed Crazy Yiuf
  3251 | D:4      | Acquired Qazlal's first power
  3967 | D:4      | Found a glowing golden altar of the Shining One.
  4193 | D:5      | Entered Level 5 of the Dungeon
  4198 | D:5      | Reached skill level 6 in Maces & Flails
  4204 | D:5      | Reached XP level 6. HP: 39/42 MP: 6/6
  4721 | D:5      | Reached skill level 7 in Maces & Flails
  4816 | D:5      | Noticed Sigmund
  5238 | D:5      | Got an iridescent cutlass
  5240 | D:5      | Identified the cursed +7 cutlass "Bloeg" {elec, rElec} (You found it on level 5 of the Dungeon)
  5320 | D:5      | Noticed a centaur
  5326 | D:5      | Killed a centaur
  5326 | D:5      | Reached skill level 2 in Short Blades
  5326 | D:5      | Reached XP level 7. HP: 46/46 MP: 7/7
  5332 | D:5      | Acquired Qazlal's second power
  5622 | D:5      | Found a radiant altar of Vehumet.
  5718 | D:5      | Reached skill level 3 in Short Blades
  5919 | D:6      | Noticed a shadow
  5931 | D:6      | Slain by an ogre

Vanquished Creatures
  A phantom (D:5)
  A centaur (D:5)
  A giant frog (D:6)
  A crimson imp (D:5)
  Crazy Yiuf (D:3)
  2 worker ants (D:5)
  3 gnolls (D:5)
  4 adders
  3 giant mites
  6 worms
  A giant gecko (D:3)
  2 oozes
  22 orcs
  7 hobgoblins
  4 jackals (D:5)
  14 kobolds
  2 ball pythons (D:2)
  8 bats
  7 giant cockroaches
  6 giant newts
  15 goblins
  A goblin zombie (D:5)
  2 orc skeletons (D:5)
  2 quokkas
  13 rats
129 creatures vanquished.
